 Dungeon Crawl Stone Soup version 0.21.1-1-g345015f (webtiles) character file.

397 inc the Insei (level 6, -4/41 HPs)
             Began as an Octopode Transmuter on June 11, 2018.
             Slain by an elf zombie (8 damage)
             ... in an ossuary.
             The game lasted 00:04:30 (3099 turns).

inc the Insei (Octopode Transmuter)                 Turns: 3099, Time: 00:04:30

Health: -4/41      AC:  1    Str: 10    XL:     6   Next: 83%
Magic:  8/9        EV: 14    Int: 16    God:
Gold:   147        SH:  0    Dex: 13    Spells: 8/9 levels left

rFire    . . .     SeeInvis .     - Unarmed
rCold    . . .     Gourm    .   (no shield)
rNeg     . . .     Faith    .   (helmet restricted)
rPois    .         Spirit   .   m - amulet of rage
rElec    .         Reflect  .   n - ring of loudness (curse)
rCorr    .         Harm     .   (no ring)
MR       .....                  (no ring)
Stlth    +.........             (no ring)
HPRegen  0.13/turn              (no ring)
MPRegen  0.11/turn              (no ring)
                                (no ring)
                                (no ring)

@: appendage (expiring), berserk cooldown, slowed, very slow
A: almost no armour, stealthy swim, amphibious, 8 rings, constrict 8, antennae
1, tentacle spike 3, camouflage 1, robust 1, screaming 1, gelatinous body 1,
evolution 1
a: End Transformation, Evoke Berserk Rage


You were in an ossuary.
You were near starving.
One of your tentacles had a temporary spike.
You visited 1 branch of the dungeon, and saw 4 of its levels.
You also visited: Ossuary.

You collected 147 gold pieces.

Inventory:

Missiles
 a - 42 arrows
Jewellery
 g - an uncursed ring of fire
 m - an amulet of rage (around mantle)
 n - a cursed ring of loudness (left tentacle)
Wands
 l - a wand of iceblast (8)
Scrolls
 d - 2 scrolls of enchant armour {unknown}
 f - a scroll of fear {unknown}
 j - 2 scrolls of fog {unknown}
 k - a scroll of teleportation {unknown}
 o - 2 scrolls of remove curse {unknown}
 r - a scroll of random uselessness {unknown}
 s - 2 scrolls of enchant weapon {unknown}
 t - a scroll of blinking {unknown}
 y - 3 scrolls of magic mapping {unknown}
Potions
 e - 5 potions of curing {unknown}
 h - a potion of resistance
 i - a potion of haste {unknown}
 q - a potion of berserk rage {unknown}
 u - a potion of heal wounds
 v - 3 potions of brilliance {unknown}
 w - a potion of degeneration {unknown}
 x - a potion of might {unknown}
Books
 b - a book of Changes

   Spells                             Type                      Level
   a - Beastly Appendage              Transmutation                1
   b - Sticks to Snakes               Transmutation                2
   c - Spider Form                    Transmutation/Poison         3
   d - Ice Form                       Ice/Transmutation            4
   e - Blade Hands                    Transmutation                5
 p - a book of Clouds

   Spells                             Type                      Level
   a - Poisonous Vapours              Poison/Air                   2
   b - Mephitic Cloud                 Conjuration/Poison/Air       3
   c - Conjure Flame                  Conjuration/Fire             3
   d - Freezing Cloud                 Conjuration/Ice/Air          6
   e - Ring of Flames                 Charms/Fire                  7
Comestibles
 c - 8 rations


   Skills:
 - Level 1.0 Fighting
 - Level 2.6 Dodging
 + Level 7.2 Unarmed Combat
 - Level 2.0 Spellcasting
 - Level 2.0 Transmutations


You had 8 spell levels left.
You knew the following spells:

 Your Spells              Type           Power        Failure   Level  Hunger
a - Beastly Appendage     Tmut           #.....       9%          1    #......


Dungeon Overview and Level Annotations

Branches:
Dungeon (4/15)
 Temple: D:4-7

Altars:
Kikubaaqudgha
Qazlal
Trog
Wu Jian
Yredelemnul

Annotations:
D:3 p0werm0de's ghost, weakling OpNe


Innate Abilities, Weirdness & Mutations

You cannot wear most types of armour.
You are very stealthy in the water. (Stealth+)
You are amphibious.
You can wear up to eight rings at the same time.
You can use your tentacles to constrict eight enemies at once.
Your skin changes colour to match your surroundings (Stealth+).
Your rubbery body absorbs attacks. (AC +1, EV +1)
You have a pair of small antennae on your head.
One of your tentacles bears a large vicious spike.
You are robust. (+10% HP)
You occasionally shout uncontrollably at your foes.
You evolve.


Message History

You squeeze the elf zombie!
The elf zombie is heavily damaged.
You constrict the elf zombie. The elf zombie hits you.
You bludgeon the elf zombie!
You pierce the elf zombie.
You tentacle-slap the elf zombie!
The elf zombie is almost destroyed.
You constrict the elf zombie. You bludgeon the elf zombie!
You destroy the elf zombie!
Your Unarmed Combat skill increases to level 7!
The mummy hits you!
* * * LOW HITPOINT WARNING * * *
The elf zombie hits you.
* * * LOW HITPOINT WARNING * * *
You bludgeon the mummy! You grab the mummy.
You destroy the mummy!
You are no longer berserk.
You are exhausted.
You feel yourself slow down. The elf zombie hits you!
You die...

### ###.###
##.....## #.......#
#.......# #.......#
#.Z@..# ###.### #'#
##### ###.###
##...## ##.....##
#.....# #.......#
##.....###...∩...##
#.......'...∩∩∩...+
##.....###...∩...##


You could see an elf zombie.

Vanquished Creatures
  2 elf zombies (Ossuary)
  A centaur zombie (Ossuary)
  Natasha (twice) (D:4)
  A mummy (Ossuary)
  7 adders
  A shadow imp (D:4)
  3 oozes
  A worm (D:2)
  3 dart slugs (D:1)
  4 leopard geckos
  2 giant cockroaches
  5 goblins
  14 hobgoblins
  5 kobolds
  2 ball pythons (D:1)
  12 bats
  3 frilled lizards
  7 rats
75 creatures vanquished.

Notes
Turn   | Place    | Note
-------+----------+-------------------------------------------
     0 | D:1      | inc the Octopode Transmuter began the quest for the Orb.
     0 | D:1      | Reached XP level 1. HP: 13/13 MP: 3/3
   106 | D:1      | Reached XP level 2. HP: 12/18 MP: 5/5
   414 | D:1      | Reached XP level 3. HP: 18/23 MP: 6/6
   536 | D:1      | Reached skill level 4 in Unarmed Combat
  1511 | D:2      | Reached XP level 4. HP: 17/28 MP: 7/7
  1869 | D:2      | Found a basalt altar of Yredelemnul.
  2036 | D:2      | Found a bloodstained altar of Trog.
  2036 | D:2      | Found a stormy altar of Qazlal.
  2036 | D:2      | Found an ornate altar of the Wu Jian Council.
  2191 | D:2      | Found an ancient bone altar of Kikubaaqudgha.
  2328 | D:3      | Reached skill level 5 in Unarmed Combat
  2459 | D:3      | Noticed p0werm0de's ghost (weakling OpNe)
  2541 | D:4      | Reached XP level 5. HP: 22/33 MP: 8/8
  2552 | D:4      | Gained mutation: You are robust. (+10% HP) [potion of mutation]
  2552 | D:4      | Gained mutation: You evolve. [potion of mutation]
  2552 | D:4      | Gained mutation: You occasionally shout uncontrollably at your foes. [potion of mutation]
  2552 | D:4      | Gained mutation: You have a pair of small antennae on your head. [potion of mutation]
  2552 | D:4      | HP: 1/36 [poisoned by an adder]
  2757 | D:4      | Noticed Natasha
  2765 | D:4      | Killed Natasha
  2924 | D:4      | Found a sand-covered staircase.
  2934 | D:4      | Noticed Natasha
  2939 | D:4      | Killed Natasha
  2939 | D:4      | Reached skill level 6 in Unarmed Combat
  3034 | Ossuary  | Entered an ossuary
  3085 | Ossuary  | Reached XP level 6. HP: 21/41 MP: 7/9
  3096 | Ossuary  | Reached skill level 7 in Unarmed Combat
  3099 | Ossuary  | Slain by an elf zombie

Skill      XL: |  1  2  3  4  5  6 |
---------------+-------------------+-----
Unarmed Combat | 4 5 6 7 |  7.2
Fighting       | |  1.0
Dodging        | |  2.6
Spellcasting   | |  2.0
Transmutations | |  2.0

Action                   |  1- 3 |  4- 6 || total
-------------------------+-------+-------++-------
Melee: Unarmed           |    88 |   100 ||   188
       Constrict         |    22 |    25 ||    47
       Tentacles         |    17 |    16 ||    33
       Kick              |     4 |     4 ||     8
       Punch             |     1 |     2 ||     3
 Cast: Beastly Appendage |     7 |     2 ||     9
 Abil: Evoke Berserk Rag |       |     2 ||     2
  Use: Potion            |       |     4 ||     4
 Stab: Sleeping          |    10 |     3 ||    13
  Eat: Chunk             |     2 |     5 ||     7
Armor: Skin              |    17 |     3 ||    20
Dodge: Dodged            |    64 |    54 ||   118
